 Dungeon Crawl Stone Soup version 0.31-a0-691-g409c26aa35 (webtiles) character file.

Game seed: 17084463794087915196

398 Wobber the Shield-Bearer (level 7, -9/55 HPs)
             Began as a Formicid Fighter on Mar 2, 2023.
             Was an Initiate of Nemelex Xobeh.
             Mangled by an ogre
             ... wielding a +0 giant spiked club
              (32 damage)
             ... on level 4 of the Dungeon on Sept 7, 2023.
             The game lasted 00:19:47 (4104 turns).

Wobber the Shield-Bearer (Formicid Fighter)         Turns: 4104, Time: 00:19:48

Health: -9/55      AC: 10    Str: 20    XL:     7   Next: 10%
Magic:  8/8        EV: 10    Int:  8    God:    Nemelex Xobeh [......]
Gold:   145        SH: 10    Dex: 15    Spells: 6/6 levels left

rFire   . . .        a - +0 long sword
rCold   . . .        c - +0 buckler
rNeg    . . .        b - +0 scale mail
rPois   +            (helmet unavailable)
rElec   .            (no cloak)
rCorr   .            (no gloves)
SInv    +            w - +2 pair of boots
Will    .....        z - amulet of reflection Stlth
                     j - ring of flight
HPRegen 0.29/turn    A - ring of poison resistance
MPRegen 0.11/turn

%: reflection
@: flying
A: permanent stasis, dig shafts and tunnels, antennae 3, four strong arms
a: Dig, Shaft Self, Renounce Religion, Draw Escape, Draw Destruction, Draw
Summoning


You were on level 4 of the Dungeon.
You worshipped Nemelex Xobeh.
Nemelex Xobeh was noncommittal.
You visited 1 branch of the dungeon, and saw 4 of its levels.
You also visited: Sewer.

You collected 145 gold pieces.

Inventory:

Hand Weapons
 a - a +0 long sword (weapon)
Missiles
 k - 2 curare-tipped darts
 n - 3 poisoned darts
Armour
 b - a +0 scale mail (worn)
 c - a +0 buckler (worn)
 w - a +2 pair of boots (worn)
Magical Staves
 v - a staff of death
Jewellery
 j - a ring of flight (left hand)
 z - an amulet of reflection (around neck)
 A - a ring of poison resistance (right hand)
Wands
 q - a wand of roots (4)
Scrolls
 o - a scroll of poison {unknown}
 p - a scroll of enchant armour {unknown}
 t - a scroll of teleportation {unknown}
 x - a scroll of noise {unknown}
 y - a scroll of vulnerability {unknown}
 B - a scroll of brand weapon {unknown}
Potions
 d - 2 potions of might
 f - a potion of magic {unknown}
 h - 2 potions of heal wounds
 l - a potion of curing {unknown}
 m - 2 potions of lignification
 r - a potion of degeneration {unknown}
 u - a potion of enlightenment {unknown}


   Skills:
 + Level 4.6 Fighting
 + Level 3.4 Long Blades
 + Level 4.5 Armour
 + Level 2.3 Dodging
 + Level 5.6 Shields
 + Level 1.5 Invocations


You had 6 spell levels left.
You didn't know any spells.
Your spell library was empty.

Dungeon Overview and Level Annotations

Branches:
Dungeon (4/15)              Sewer (visited)
 Temple: D:4-7

Altars:
Dithmenos
Hepliaklqana
Nemelex Xobeh
Qazlal
Wu Jian


Innate Abilities, Weirdness & Mutations

You cannot be hasted, slowed, berserked, paralysed or teleported.
You can dig through walls and to a lower floor.
You have a pair of large antennae on your head. (SInv)
Your four strong arms can wield two-handed weapons with a shield.


Message History

The orc is almost dead.
You block the orc's attack. x2
You closely miss the orc.
The orc is almost dead.
You block the orc's attack.
You completely miss the orc.
The orc is almost dead.
You block the orc's attack.
You slash the orc!
You kill the orc!
You closely miss the orc wizard.
The orc wizard is almost dead.
The orc wizard points at you and mumbles some strange words.
The magic dart hits you. You block the orc wizard's attack.
You barely miss the orc wizard.
The orc wizard is almost dead.
You block the orc wizard's attack.
You closely miss the orc wizard.
The orc wizard is almost dead.
The orc wizard closely misses you.
You slash the orc wizard!
You kill the orc wizard!
You slash the ogre!
The ogre is moderately wounded.
The ogre hits you with a +0 giant spiked club!!
The ogre attacks as it pursues you!
The ogre hits you with a +0 giant spiked club!
You are too injured to fight recklessly!
Okay, then.
Aiming: Fastroot
Press: ? - help, Shift-Dir - straight line, f - ogre
Aim: an ogre, wielding a +0 giant spiked club (moderately wounded)
The roots erupt in riotous growth!
Roots grab the ogre.
Roots grab the orc.
The grasping roots constrict the ogre.
The grasping roots constrict the orc.
You hear a bark!
The ogre hits you with a +0 giant spiked club!!
Ouch! That really hurt!
You die...
Your body disappears without a glow.

#######g#.
#.OohO.o..
#@#####B#.{ #.#
###.#####
#....)..#
#.##.#..#
#####.####'####
#.....+.......+
##.#.#...#.# {
#.#.#._.#.#


You could see 2 ogres, a hound, 2 orcs and a hobgoblin.

Vanquished Creatures
  2 bullfrogs (Sewer)
  Natasha (thrice) (D:2)
  An orc wizard (D:4)
  8 adders
  An ufetubus (D:3)
  4 dart slugs
  A worm (D:2)
  2 orcs (D:4)
  6 bats
  4 endoplasms
  10 giant cockroaches
  5 goblins
  5 hobgoblins
  4 jackals (D:1)
  6 kobolds
  6 quokkas
  9 ball pythons
  7 frilled lizards
  8 rats
92 creatures vanquished.

Notes
Turn   | Place    | Note
-------+----------+-------------------------------------------
     0 | D:1      | Wobber the Formicid Fighter began the quest for the Orb.
     0 | D:1      | Reached XP level 1. HP: 18/18 MP: 1/1
   132 | D:1      | Reached XP level 2. HP: 24/24 MP: 2/2
   280 | D:1      | Reached XP level 3. HP: 29/29 MP: 3/3
   983 | D:2      | Reached skill level 1 in Dodging
  1109 | D:2      | Reached XP level 4. HP: 37/37 MP: 4/4
  1922 | D:3      | Noticed Natasha
  1942 | D:2      | Killed Natasha
  1943 | D:2      | Reached XP level 5. HP: 32/42 MP: 5/5
  2225 | D:2      | Noticed Natasha
  2233 | D:2      | Killed Natasha
  2762 | D:2      | Noticed Natasha
  2779 | D:2      | Killed Natasha
  2780 | D:2      | Reached skill level 5 in Shields
  3022 | D:3      | Identified the +0 helmet of Mumiux {Int+4}
  3073 | D:3      | Found a sparkling altar of Nemelex Xobeh.
  3077 | D:3      | Became a worshipper of Nemelex Xobeh the Trickster
  3182 | D:3      | Reached XP level 6. HP: 38/48 MP: 6/6
  3306 | D:3      | Found a stormy altar of Qazlal.
  3510 | D:3      | Noticed a shadow
  3511 | D:3      | Found a shadowy altar of Dithmenos.
  3512 | D:3      | Found a hazy altar of Hepliaklqana.
  3643 | D:4      | Found a glowing drain.
  3656 | Sewer    | Entered a sewer
  3661 | Sewer    | Upgraded the game from 0.30-a0-845-g7c6808c8ce to
                  | 0.31-a0-691-g409c26aa35
  3784 | Sewer    | Reached skill level 1 in Invocations
  3910 | Sewer    | Reached XP level 7. HP: 54/55 MP: 8/8
  4044 | D:4      | Found an ornate altar of the Wu Jian Council.
  4104 | D:4      | Mangled by an ogre

Illustrated notes

Levels and vault maps discovered:
D:1:      matt_arrival_refuge, layout_loops_cross, minmay_strange_pillars,
          roderic_lattice_a, hangedman_glass_teeth, st_stairs_7
D:2:      layout_basic
D:3:      layout_rooms, riverfiend_overflow_shadow_ancestor,
          nicolae_overflow_hidden_temple, nemelex_diamond_rough_becter,
          uniq_natasha
D:4:      minmay_spotlight, layout_loops_cross, okawaru_gym_becter,
          mainiacjoe_overflow_six_doors_small, portal_sewer_entry_d,
          uniq_menkaure

Skill      XL: |  1  2  3  4  5  6 |
---------------+-------------------+-----
Dodging        | 1 2 |  2.3
Fighting       | 4 |  4.6
Armour         | 4 |  4.5
Shields        | 5 |  5.6
Long Blades    | 3 |  3.4
Invocations    | 1 |  1.5

Action                     |  1- 3 |  4- 6 |  7- 9 || total
---------------------------+-------+-------+-------++-------
  Melee: Long sword        |   119 |   213 |    34 ||   366
  Evoke: Wand              |       |       |     1 ||     1
    Use: Scroll            |       |       |     5 ||     5
 Armour: Scale mail        |    47 |   112 |    14 ||   173
  Dodge: Dodged            |    51 |   109 |     8 ||   168
  Block: Buckler           |    25 |   119 |    22 ||   166
         Reflection        |       |       |     1 ||     1

Table legend: (Time is in decaauts)
 A = Elapsed time spent in this place.
 B = Non-inter-level travel time spent in this place.
 C = Inter-level travel time spent in this place.
 D = Time resting spent in this place.
 E = Time spent auto-exploring this place.
 F = Levels seen in this place.
 G = Mean time per level.
                   A        B        C        D        E       F      G
               +--------+--------+--------+--------+--------+-----+--------+
         Total |   4208 |   3672 |    536 |    158 |   2103 |   5 |  841.6 |
       Dungeon |   3832 |   3296 |    536 |    158 |   2011 |   4 |  958.0 |
         Sewer |    376 |    376 |      0 |      0 |     92 |   1 |  376.0 |
               +--------+--------+--------+--------+--------+-----+--------+

Top non-repeatable levels by time:
     D:2: 1969 daAuts
     D:1: 1004 daAuts
     D:3: 726 daAuts
   Sewer: 376 daAuts
     D:4: 131 daAuts
